AoeStats
← Flyingexcavator

Black Forest

510284274Analyzed
2v2 RM · 1d ago on Sep 30, 2026· 19m 26s· 4 players
Game mode
Random Map
Map size
Medium (4 player)
Population
200
Speed
Normal
Resources
Standard
Victory
Conquest
Starting age
Dark Age
Ending age
Imperial Age
RankedLock teamsTeams togetherTeam positionsShared explorationLock speedFull tech treeHidden civsTurbo modeCheats
Victory
Defeat
🇪🇸 Franks · Spain
953
+13
🇨🇭 Ethiopians · Switzerland
903
+15
🇭🇰 Persians · Hong Kong SAR China
913
-15
🇨🇳 Danes · China
852
-13
旺旺
83716497273
bediarguez
0:58 Loom
14:09 Feudal Age
15:24 Fishing Lines
16:34 Double-Bit Axe
Flyingexcavator
12:14 Feudal Age
12:26 Man-at-Arms
14:25 Forging
14:15 Scale Mail Armor
16:47 Double-Bit Axe
17:55 Fletching
18:06 Padded Archer Armor
Connection lost

Rejoining the realm…

Still unreachable

The connection could not be restored.

Session expired

The server has moved on; the page needs a fresh start.